| TOP OF THE 1ST |
|
Minnesota Twins batting - Pitching for Chicago Cubs : RHP Josh MacQueen
|
|
Pitching: RHP Josh MacQueen
|
|
|
Batting: RHB Greg Harman
|
0-0: Foul Ball, location: 2F 0-1: Called Strike 0-2: SINGLE (Groundball, 56S, EV 67.5 MPH) (infield hit)
|
|
Batting: LHB Per Meulengracht
|
0-0: Swinging Strike 0-1: Grounds into double play, 4-6-3 (Groundball, 4S, EV 83.8 MPH)
|
|
Batting: LHB Ryan Flynn Jr.
|
0-0: Swinging Strike 0-1: Ball 1-1: Ball 2-1: Ball 3-1: Base on Balls
|
|
Batting: RHB Miguel Gonzalez
|
0-0: Foul Ball, location: 2F 0-1: Ball 1-1: Ball 2-1: Foul Ball, location: 2F 2-2: Fielders Choice at 2nd, 5-4 (Groundball, 56, EV 101.2 MPH)
|
| Top of the 1st over - 0 runs, 1 hit, 0 errors, 1 left on base; Minnesota 0 - Chicago 0 |
| BOTTOM OF THE 1ST |
|
Chicago Cubs batting - Pitching for Minnesota Twins : LHP Luis Perez
|
|
Pitching: LHP Luis Perez
|
|
|
Batting: RHB Josh Kalman
|
0-0: Called Strike 0-1: Foul Ball, location: 2F 0-2: Ball 1-2: Ball 2-2: Ball 3-2: Ground out 6-3 (Groundball, 6, EV 106.9 MPH)
|
|
Batting: RHB Steve Bartman Jr.
|
0-0: Swinging Strike 0-1: Fly out, F8 (Flyball, 8LM, EV 89.4 MPH)
|
|
Batting: RHB Heef Harted
|
0-0: Called Strike 0-1: SINGLE (Line Drive, 7LM, EV 108.8 MPH)
|
|
Batting: LHB Kevin Norton
|
0-0: Ball 1-0: TRIPLE (Flyball, 7LD, EV 98.1 MPH) Heef Harted scores
|
|
Batting: RHB Xavier Davis
|
0-0: Fly out, F9 (Flyball, 9LM, EV 95.6 MPH)
|
| Bottom of the 1st over - 1 run, 2 hits, 0 errors, 1 left on base; Minnesota 0 - Chicago 1 |
| TOP OF THE 2ND |
|
Minnesota Twins batting - Pitching for Chicago Cubs : RHP Josh MacQueen
|
|
Batting: RHB Will Leslie
|
0-0: Ball 1-0: Ball 2-0: Foul Ball, location: 2F 2-1: Swinging Strike 2-2: Strikes out swinging
|
|
Batting: LHB Harris Vink
|
0-0: Ball 1-0: Ball 2-0: Ball 3-0: Called Strike 3-1: Swinging Strike 3-2: Strikes out swinging
|
|
Batting: RHB Matt Dunn
|
0-0: Called Strike 0-1: DOUBLE (Groundball, 5L, EV 101.2 MPH)
|
|
Batting: RHB John Creel
|
0-0: Ball 1-0: SINGLE (Line Drive, 6MD, EV 108.8 MPH) Matt Dunn to third Runner from 3rd tries for Home, SAFE, throw by CF to home
|
|
Batting: RHB Alex Sandoval
|
0-0: Fly out, F4 (Popup, 3DF, EV 51.9 MPH)
|
| Top of the 2nd over - 1 run, 2 hits, 0 errors, 1 left on base; Minnesota 1 - Chicago 1 |
| BOTTOM OF THE 2ND |
|
Chicago Cubs batting - Pitching for Minnesota Twins : LHP Luis Perez
|
|
Batting: RHB Jose Balderrama
|
0-0: Called Strike 0-1: Foul Ball, location: 2F 0-2: Strikes out swinging
|
|
Batting: SHB Tze-meng Gan
|
0-0: Ground out 3-1 (Groundball, 34S, EV 85.0 MPH)
|
|
Batting: SHB Zory Larikov
|
0-0: Called Strike 0-1: Ball 1-1: Ball 2-1: Ball 3-1: Ground out 3-1 (Groundball, 34S, EV 88.8 MPH)
|
| Bottom of the 2nd over - 0 runs, 0 hits, 0 errors, 0 left on base; Minnesota 1 - Chicago 1 |
| TOP OF THE 3RD |
|
Minnesota Twins batting - Pitching for Chicago Cubs : RHP Josh MacQueen
|
|
Batting: RHB Greg Harman
|
0-0: Foul Ball, location: 2F 0-1: SOLO HOME RUN (Flyball, 89XD, EV 110.6 MPH), Distance : 409 ft
|
|
Batting: LHB Per Meulengracht
|
0-0: Called Strike 0-1: Hit by Pitch
|
|
Batting: LHB Ryan Flynn Jr.
|
0-0: Fly out, F7 (Flyball, 7D, EV 102.5 MPH)
|
|
Batting: RHB Miguel Gonzalez
|
0-0: Ball 1-0: Ball 2-0: Ball 3-0: Called Strike 3-1: Base on Balls Per Meulengracht to second
|
|
Batting: RHB Will Leslie
|
0-0: Ball 1-0: Called Strike 1-1: Ball 2-1: Swinging Strike 2-2: Strikes out swinging
|
|
Batting: LHB Harris Vink
|
0-0: Ground out 5-3 (Groundball, 15, EV 91.9 MPH)
|
| Top of the 3rd over - 1 run, 1 hit, 0 errors, 2 left on base; Minnesota 2 - Chicago 1 |
| BOTTOM OF THE 3RD |
|
Chicago Cubs batting - Pitching for Minnesota Twins : LHP Luis Perez
|
|
Batting: LHB Jon Schick
|
0-0: Ball 1-0: DOUBLE (Line Drive, 89D, EV 106.9 MPH)
|
|
Batting: RHB Josh Kalman
|
0-0: Ball 1-0: Called Strike 1-1: Ball 2-1: Foul Ball, location: 2F 2-2: Strikes out swinging
|
|
Batting: RHB Steve Bartman Jr.
|
0-0: Foul Ball, location: 2F 0-1: Ball 1-1: Foul Ball, location: 2F 1-2: Foul Ball, location: 2F 1-2: Foul Ball, location: 2F 1-2: SINGLE (Groundball, 34D, EV 102.5 MPH) Jon Schick to third Runner from 3rd tries for Home, SAFE, throw by RF to home Steve Bartman Jr. to second
|
|
Batting: RHB Heef Harted
|
0-0: SINGLE (Groundball, 5S, EV 71.9 MPH) (infield hit) Steve Bartman Jr. to third
|
|
Batting: LHB Kevin Norton
|
0-0: Called Strike 0-1: Ball 1-1: Ball 2-1: Fly out, F7 (Flyball, 78M, EV 85.0 MPH)
|
|
Batting: RHB Xavier Davis
|
0-0: Ball 1-0: Ball Heef Harted steals 2nd base 2-0: Ball 3-0: Called Strike 3-1: Base on Balls
|
|
Batting: RHB Jose Balderrama
|
0-0: Ball 1-0: Swinging Strike 1-1: Ground out 4-3 (Groundball, 4S, EV 89.4 MPH)
|
| Bottom of the 3rd over - 1 run, 3 hits, 0 errors, 3 left on base; Minnesota 2 - Chicago 2 |
| TOP OF THE 4TH |
|
Minnesota Twins batting - Pitching for Chicago Cubs : RHP Josh MacQueen
|
|
Batting: RHB Matt Dunn
|
0-0: Ball 1-0: Foul Ball, location: 2F 1-1: Ball 2-1: Foul Ball, location: 2F 2-2: Foul Ball, location: 2F 2-2: Foul Ball, location: 2F 2-2: SOLO HOME RUN (Flyball, 7D, EV 100.0 MPH), Distance : 375 ft
|
|
Batting: RHB John Creel
|
0-0: Ball 1-0: Ball 2-0: Foul Ball, location: 2F 2-1: Foul Ball, location: 2F 2-2: Ball 3-2: Foul Ball, location: 2F 3-2: Base on Balls
|
|
Batting: RHB Alex Sandoval
|
0-0: Ball John Creel is caught stealing 2nd base 2-4 1-0: Swinging Strike 1-1: SOLO HOME RUN (Flyball, 78XD, EV 97.5 MPH), Distance : 384 ft
|
|
Batting: RHB Greg Harman
|
0-0: Hit by Pitch
|
|
Batting: LHB Per Meulengracht
|
0-0: Swinging Strike 0-1: Called Strike 0-2: Ball 1-2: Ball 2-2: SINGLE (Groundball, 34S, EV 79.4 MPH) (infield hit) Greg Harman to second
|
|
Batting: LHB Ryan Flynn Jr.
|
0-0: Called Strike 0-1: Ball 1-1: Swinging Strike 1-2: Foul Ball, location: 2F 1-2: Strikes out looking
|
|
Batting: RHB Miguel Gonzalez
|
0-0: Ball 1-0: Foul Ball, location: 2F 1-1: Swinging Strike 1-2: Foul Ball, location: 2F 1-2: Fly out, F8 (Flyball, 8LM, EV 94.4 MPH)
|
| Top of the 4th over - 2 runs, 3 hits, 0 errors, 2 left on base; Minnesota 4 - Chicago 2 |
| BOTTOM OF THE 4TH |
|
Chicago Cubs batting - Pitching for Minnesota Twins : LHP Luis Perez
|
|
Batting: SHB Tze-meng Gan
|
0-0: Ball 1-0: Called Strike 1-1: Ball 2-1: Ball 3-1: Base on Balls
|
|
Batting: SHB Zory Larikov
|
0-0: Called Strike 0-1: Ball 1-1: Sac Bunt to 2L - play at first, batter OUT! 2-3 Tze-meng Gan to second
|
|
Batting: LHB Jon Schick
|
0-0: Ball 1-0: TRIPLE (Flyball, 7LD, EV 98.8 MPH) Tze-meng Gan scores
|
|
Batting: RHB Josh Kalman
|
0-0: Swinging Strike 0-1: Ball 1-1: Called Strike 1-2: Ground out 4-3 (Groundball, 4M, EV 79.4 MPH) Jon Schick scores
|
|
Batting: RHB Steve Bartman Jr.
|
0-0: Ground out 6-3 (Groundball, 6MS, EV 85.0 MPH)
|
| Bottom of the 4th over - 2 runs, 1 hit, 0 errors, 0 left on base; Minnesota 4 - Chicago 4 |
| TOP OF THE 5TH |
|
Minnesota Twins batting - Pitching for Chicago Cubs : RHP Josh MacQueen
|
|
Batting: RHB Will Leslie
|
0-0: DOUBLE (Flyball, 78D, EV 98.8 MPH)
|
|
Batting: LHB Harris Vink
|
0-0: Fly out, F8 (Flyball, 8RXD, EV 91.9 MPH) Runner from 2nd tags up, SAFE at 3rd, no throw by CF
|
|
Batting: RHB Matt Dunn
|
0-0: Called Strike 0-1: Foul Ball, location: 2F 0-2: Strikes out swinging
|
|
Batting: RHB John Creel
|
0-0: Foul Ball, location: 2F 0-1: Ground out 4-3 (Groundball, 4, EV 81.9 MPH)
|
| Top of the 5th over - 0 runs, 1 hit, 0 errors, 1 left on base; Minnesota 4 - Chicago 4 |
| BOTTOM OF THE 5TH |
|
Chicago Cubs batting - Pitching for Minnesota Twins : LHP Luis Perez
|
|
Batting: RHB Heef Harted
|
0-0: Called Strike 0-1: Ball 1-1: Called Strike 1-2: Strikes out looking
|
|
Batting: LHB Kevin Norton
|
0-0: Ground out 3-1 (Groundball, 3D, EV 94.4 MPH)
|
|
Batting: RHB Xavier Davis
|
0-0: Called Strike 0-1: Ground out 6-3 (Groundball, 56, EV 85.6 MPH)
|
| Bottom of the 5th over - 0 runs, 0 hits, 0 errors, 0 left on base; Minnesota 4 - Chicago 4 |
| TOP OF THE 6TH |
|
Minnesota Twins batting - Pitching for Chicago Cubs : RHP Josh MacQueen
|
|
Batting: RHB Alex Sandoval
|
0-0: Ball 1-0: Ball 2-0: Ground out 6-3 (Groundball, 6, EV 102.5 MPH)
|
|
Batting: RHB Greg Harman
|
0-0: Ball 1-0: Ball 2-0: Called Strike 2-1: Ball 3-1: Base on Balls
|
|
Batting: LHB Per Meulengracht
|
0-0: Foul Ball, location: 2F Pickoff Throw to First - Error! E1 Greg Harman to second 0-1: Ball 1-1: Ball 2-1: Foul Ball, location: 2F 2-2: Foul Ball, location: 2F 2-2: Ground out U3 (Groundball, 34, EV 83.1 MPH) Greg Harman to third
|
|
Pitching: RHP Randy Budgell
|
|
|
Batting: LHB Ryan Flynn Jr.
|
0-0: Ball 1-0: Called Strike 1-1: Fly out, F8 (Flyball, 8RD, EV 91.2 MPH)
|
| Top of the 6th over - 0 runs, 0 hits, 1 error, 1 left on base; Minnesota 4 - Chicago 4 |
| BOTTOM OF THE 6TH |
|
Chicago Cubs batting - Pitching for Minnesota Twins : LHP Luis Perez
|
|
Batting: RHB Jose Balderrama
|
0-0: Foul Ball, location: 2F 0-1: Ground out 6-3 (Groundball, 6, EV 100.6 MPH)
|
|
Batting: SHB Tze-meng Gan
|
0-0: Ball 1-0: Ball 2-0: Called Strike 2-1: Ball 3-1: Base on Balls
|
|
Batting: SHB Zory Larikov
|
0-0: Ball 1-0: Swinging Strike 1-1: Called Strike 1-2: Ground out 5-3 (Groundball, 56S, EV 68.1 MPH) Tze-meng Gan to second
|
|
Batting: LHB Jon Schick
|
0-0: Ball 1-0: Called Strike 1-1: Foul Ball, location: 2F 1-2: Strikes out swinging
|
| Bottom of the 6th over - 0 runs, 0 hits, 0 errors, 1 left on base; Minnesota 4 - Chicago 4 |
| TOP OF THE 7TH |
|
Minnesota Twins batting - Pitching for Chicago Cubs : RHP Randy Budgell
|
|
Batting: RHB Miguel Gonzalez
|
0-0: Called Strike 0-1: Ball 1-1: Foul Ball, location: 2F 1-2: Strikes out swinging
|
|
Batting: RHB Will Leslie
|
0-0: Ball 1-0: Ball 2-0: Ball 3-0: Called Strike 3-1: Called Strike 3-2: Foul Ball, location: 2F 3-2: Strikes out swinging
|
|
Batting: LHB Harris Vink
|
0-0: Ball 1-0: Ball 2-0: TRIPLE (Flyball, 89XD, EV 97.5 MPH)
|
|
Batting: RHB Matt Dunn
|
0-0: Swinging Strike 0-1: Called Strike 0-2: Strikes out swinging
|
| Top of the 7th over - 0 runs, 1 hit, 0 errors, 1 left on base; Minnesota 4 - Chicago 4 |
| BOTTOM OF THE 7TH |
|
Chicago Cubs batting - Pitching for Minnesota Twins : LHP Luis Perez
|
|
Batting: RHB Josh Kalman
|
0-0: Fly out, F6 (Line Drive, 6, EV 69.4 MPH)
|
|
Batting: RHB Steve Bartman Jr.
|
0-0: Called Strike 0-1: Swinging Strike 0-2: SINGLE (Groundball, 25, EV 70.6 MPH) (infield hit)
|
|
Batting: RHB Heef Harted
|
0-0: Called Strike Steve Bartman Jr. steals 2nd base 0-1: Swinging Strike 0-2: Ball 1-2: Ground out 5-3 (Groundball, 56, EV 98.1 MPH)
|
|
Batting: LHB Kevin Norton
|
0-0: Called Strike 0-1: Called Strike 0-2: Ball 1-2: Ball 2-2: Ground out 6-3 (Groundball, 4M, EV 99.4 MPH)
|
| Bottom of the 7th over - 0 runs, 1 hit, 0 errors, 1 left on base; Minnesota 4 - Chicago 4 |
| TOP OF THE 8TH |
|
Minnesota Twins batting - Pitching for Chicago Cubs : RHP Randy Budgell
|
|
Batting: RHB John Creel
|
0-0: Foul Ball, location: 2F 0-1: Ball 1-1: Ball 2-1: Fly out, F7 (Flyball, 7, EV 91.9 MPH)
|
|
Batting: RHB Alex Sandoval
|
0-0: Ground out 6-3 (Groundball, 6, EV 104.4 MPH)
|
|
Batting: RHB Greg Harman
|
0-0: Ball 1-0: Called Strike 1-1: Ground out 3-1 (Groundball, 34S, EV 82.5 MPH)
|
| Top of the 8th over - 0 runs, 0 hits, 0 errors, 0 left on base; Minnesota 4 - Chicago 4 |
| BOTTOM OF THE 8TH |
|
Chicago Cubs batting - Pitching for Minnesota Twins : LHP Luis Perez
|
|
Pitching: LHP Inkei Wakamatsu
|
|
|
Batting: RHB Xavier Davis
|
0-0: Ball 1-0: Fly out, F8 (Flyball, 89M, EV 90.0 MPH)
|
|
Batting: RHB Jose Balderrama
|
0-0: SINGLE (Line Drive, 7LS, EV 98.1 MPH)
|
|
Batting: SHB Tze-meng Gan
|
0-0: SINGLE (Groundball, 34D, EV 102.5 MPH) Jose Balderrama to second Runner from 2nd tries for 3rd, SAFE, throw by RF made to third Tze-meng Gan to second
|
|
Batting: SHB Zory Larikov
|
0-0: Ball 1-0: Ground out 6-3 (Groundball, 6, EV 97.5 MPH)
|
|
Pinch Hitting: RHB Francisco Ramirez
|
0-0: Foul Ball, location: 2F 0-1: Ball 1-1: Fly out, F7 (Flyball, 7LD, EV 105.0 MPH)
|
| Bottom of the 8th over - 0 runs, 2 hits, 0 errors, 2 left on base; Minnesota 4 - Chicago 4 |
| TOP OF THE 9TH |
|
Minnesota Twins batting - Pitching for Chicago Cubs : RHP Randy Budgell
|
|
Pitching: LHP Mike Alexander
|
|
|
Now in RF: Moe Lester
|
|
|
Batting: LHB Per Meulengracht
|
0-0: Called Strike 0-1: Ball 1-1: Called Strike 1-2: Strikes out swinging
|
|
Batting: LHB Ryan Flynn Jr.
|
0-0: Ball 1-0: Ball 2-0: Ball 3-0: Called Strike 3-1: Base on Balls
|
|
Batting: RHB Miguel Gonzalez
|
0-0: Fly out, F9 (Flyball, 9S, EV 88.8 MPH)
|
|
Batting: RHB Will Leslie
|
0-0: DOUBLE (Flyball, 78XD, EV 98.8 MPH) Ryan Flynn Jr. to third Runner from 3rd tries for Home, SAFE, throw by CF to home
|
|
Batting: LHB Harris Vink
|
0-0: Ball 1-0: Called Strike 1-1: Swinging Strike 1-2: Foul Ball, location: 2F 1-2: Strikes out looking
|
| Top of the 9th over - 1 run, 1 hit, 0 errors, 1 left on base; Minnesota 5 - Chicago 4 |
| BOTTOM OF THE 9TH |
|
Chicago Cubs batting - Pitching for Minnesota Twins : LHP Inkei Wakamatsu
|
|
Batting: RHB Josh Kalman
|
0-0: Ground out 6-3 (Groundball, 6, EV 83.1 MPH)
|
|
Batting: RHB Steve Bartman Jr.
|
0-0: Called Strike 0-1: Ball 1-1: Ball 2-1: Called Strike 2-2: Ground out 6-3 (Groundball, 6, EV 85.0 MPH)
|
|
Batting: RHB Heef Harted
|
0-0: Called Strike 0-1: Ball 1-1: Foul Ball, location: 2F 1-2: Ball 2-2: Strikes out looking
|
| Bottom of the 9th over - 0 runs, 0 hits, 0 errors, 0 left on base; Minnesota 5 - Chicago 4 |
|